 Dungeon Crawl Stone Soup version 0.31-a0-431-g88bdf31460 (webtiles) character file.

Game seed: 6222339060927198071

34 Newt the Shooter (level 3, 0/24 HPs)
             Began as a Kobold Hunter on July 31, 2023.
             Succumbed to an adder's poison
             ... on level 2 of the Dungeon.
             The game lasted 00:01:17 (1403 turns).

Newt the Shooter (Kobold Hunter)                    Turns: 1403, Time: 00:01:18

Health: 0/24       AC:  3    Str:  8    XL:     3   Next: 50%
Magic:  3/3        EV: 14    Int: 10    God:
Gold:   50         SH:  0    Dex: 20    Spells: 2/2 levels left

rFire   . . .        a - +0 shortbow
rCold   . . .        (shield currently unavailable)
rNeg    . . .        c - +0 leather armour
rPois   .            (no helmet)
rElec   .            (no cloak)
rCorr   .            (no gloves)
SInv    .            (no boots)
Will    .....        (no amulet)
Stlth   +++          (no ring)
HPRegen 0.24/turn    (no ring)
MPRegen 0.08/turn

%: no passive effects
@: lethally poisoned (0 -> -11)
A: small, no large weapons, nightstalker 3
a: no special abilities


You were on level 2 of the Dungeon.
You visited 1 branch of the dungeon, and saw 2 of its levels.

You collected 50 gold pieces.

Inventory:

Hand Weapons
 a - a +0 shortbow (weapon)
 b - a +8 club
Armour
 c - a +0 leather armour (worn)
Scrolls
 d - a scroll of fear {unknown}
 e - a scroll of poison {unknown}
 f - a scroll of teleportation {unknown}
 g - a scroll of fog {unknown}
 h - 2 scrolls of revelation {unknown}


   Skills:
 + Level 4.0 Fighting
 - Level 5.3 Ranged Weapons
 - Level 2.4 Dodging
 - Level 1.3 Stealth


You had 2 spell levels left.
You didn't know any spells.
Your spell library was empty.

Dungeon Overview and Level Annotations

Branches:
Dungeon (2/15)

Altars:

Shops:
D:1 [

Annotations:
D:2 Natasha


Innate Abilities, Weirdness & Mutations

You are small and have problems with some larger weapons.
You are completely attuned to the shadows.


Message History

The adder bites you but does no damage.
You shoot an arrow. The arrow misses the adder.
You feel sick. The adder closely misses you. The adder bites you.
You are more poisoned.
The adder poisons you!
You shoot an arrow. The arrow misses the adder.
You feel sick. The adder bites you but does no damage.
The adder barely misses you.
An adder is nearby!
An adder is nearby!
You shoot an arrow. The arrow misses the adder.
You feel very sick. The adder bites you.
You are lethally poisoned!
The adder poisons you!
You are too injured to fight recklessly!
You are too injured to fight recklessly!
You are too injured to fight recklessly!
You are too injured to fight recklessly!
You are too injured to fight recklessly!
You are too injured to fight recklessly!
You are too injured to fight recklessly!
You are too injured to fight recklessly!
You are too injured to fight recklessly!
You are too injured to fight recklessly!
You are too injured to fight recklessly!
Unknown command.
You shoot an arrow. The arrow barely misses the adder.
You feel very sick. The adder bites you. x2
* * * LOW HITPOINT WARNING * * *
You are more poisoned.
The adder poisons you!
You shoot an arrow. The arrow barely misses the adder.
* * * LOW HITPOINT WARNING * * *
You feel very sick. The adder bites you but does no damage.
Unknown command.
You shoot an arrow. The arrow hits the adder!
You kill the adder!
You die...

#.# #.# #.# #.# ......
#.# #..... #.# #.....
#.# # #..... #.# #.
#@.... #.# #.###.####
#.# #......... #.#
.#<....(.## #.#
......##### #.#
.~.)~.# #.# .......#
#.####
~~~~.~[##########.....
~≈~≈~............#####


There were no monsters in sight!

Vanquished Creatures
  Robin (D:2)
  An adder (D:2)
  An endoplasm (D:1)
  7 goblins (D:2)
  5 hobgoblins
  5 bats
  A frilled lizard (D:1)
21 creatures vanquished.

Notes
Turn   | Place    | Note
-------+----------+-------------------------------------------
     0 | D:1      | Newt the Kobold Hunter began the quest for the Orb.
     0 | D:1      | Reached XP level 1. HP: 12/12 MP: 1/1
   266 | D:1      | Found Ler Buu's Antique Armour Shop.
   547 | D:1      | Reached XP level 2. HP: 18/18 MP: 2/2
   910 | D:2      | Noticed Robin
  1094 | D:2      | Noticed Natasha
  1095 | D:2      | Reached XP level 3. HP: 10/23 MP: 3/3
  1099 | D:2      | HP: 1/23 [poisoned by a goblin]
  1343 | D:2      | Killed Robin
  1403 | D:2      | Succumbed to an adder's poison

Illustrated notes

Levels and vault maps discovered:
D:1:      amcnicky_arrival_flooded_fountain, layout_basic, serial_shops,
          nicolae_shop_rolling_square
D:2:      layout_basic, chequers_ecumenical_altar_island, corexii_shack,
          minmay_crystal_room, minmay_randomly_rotated_circles, uniq_natasha,
          uniq_robin, uniq_jessica, uniq_crazy_yiuf_cottage

Skill      XL: |  1  2  3 |
---------------+----------+-----
Fighting       | 3 4 |  4.0
Ranged Weapons | |  5.3
Dodging        | |  2.4
Stealth        | |  1.3

Action                     || total
---------------------------++-------
   Fire: Shortbow          ||    57
    Use: Scroll            ||     1
 Armour: Leather armour    ||    13
  Dodge: Dodged            ||    25

Table legend: (Time is in decaauts)
 A = Elapsed time spent in this place.
 B = Non-inter-level travel time spent in this place.
 C = Inter-level travel time spent in this place.
 D = Time resting spent in this place.
 E = Time spent auto-exploring this place.
 F = Levels seen in this place.
 G = Mean time per level.
                   A        B        C        D        E       F      G
               +--------+--------+--------+--------+--------+-----+--------+
         Total |   1415 |   1397 |     18 |    294 |    936 |   2 |  707.5 |
       Dungeon |   1415 |   1397 |     18 |    294 |    936 |   2 |  707.5 |
               +--------+--------+--------+--------+--------+-----+--------+

Top non-repeatable levels by time:
     D:2: 711 daAuts
     D:1: 704 daAuts
